 Dungeon Crawl Stone Soup version 0.23.1 (webtiles) character file.

Game seed: 11428085410575657822

760 Fang the Skirmisher (level 7, -1/44 HPs)
             Began as a Gargoyle Berserker on Mar 13, 2019.
             Was a Priest of Trog.
             Slain by a troll (3 damage)
             ... on level 6 of the Dungeon.
             The game lasted 00:04:01 (3653 turns).

Fang the Skirmisher (Gargoyle Berserker)            Turns: 3653, Time: 00:04:01

Health: -1/44      AC: 14    Str: 22    XL:     7   Next: 80%
Magic:  7/7        EV:  9    Int:  8    God:    Trog [***...]
Gold:   215        SH:  0    Dex:  9    Spells: 6/6 levels left

rFire    . . .     SeeInvis .   v - +1 war axe (venom)
rCold    . . .     Gourm    .   (no shield)
rNeg     + . .     Faith    .   k - +0 chain mail
rPois    ∞         Spirit   .   (no helmet)
rElec    +         Reflect  .   (no cloak)
rCorr    .         Harm     .   (no gloves)
MR       .....                  (no boots)
Stlth    ..........             g - amulet of the acrobat
HPRegen  0.14/turn              (no ring)
MPRegen  0.10/turn              (no ring)

@: berserk cooldown, slowed, very slow
A: negative energy resistance 1, electricity resistance, unbreathing,
petrification resistance, rot immunity, AC +4
a: Berserk, Trog's Hand, Renounce Religion


You were on level 6 of the Dungeon.
You worshipped Trog.
Trog was most pleased with you.
You were not hungry.

You visited 2 branches of the dungeon, and saw 7 of its levels.

You collected 215 gold pieces.

Inventory:

Hand Weapons
 v - a +1 war axe of venom (weapon)
Armour
 k - a +0 chain mail (worn)
Jewellery
 a - an uncursed ring of stealth {unknown}
 g - an amulet of the acrobat (around neck)
 w - a +2 ring of strength {unknown}
Wands
 u - a wand of digging (6)
Scrolls
 f - 4 scrolls of remove curse {unknown}
 h - 9 scrolls of identify {unknown}
 i - 2 scrolls of fog {unknown}
 j - 3 scrolls of enchant weapon {unknown}
 l - 5 scrolls of amnesia {unknown}
 n - a scroll of teleportation {unknown}
 o - a scroll of random uselessness {unknown}
 q - a scroll of blinking {unknown}
 t - a scroll of enchant armour {unknown}
Potions
 b - 3 potions of curing {unknown}
 d - 2 potions of brilliance {unknown}
 e - 5 potions of haste {unknown}
 m - 2 potions of berserk rage {unknown}
 r - 2 potions of flight {unknown}
 s - a potion of heal wounds {unknown}
Comestibles
 c - 11 rations
 p - 2 chunks of flesh


   Skills:
 + Level 5.6 Fighting
 + Level 4.6 Axes
 + Level 5.0 Armour
 + Level 3.7 Dodging


You had 6 spell levels left.
You didn't know any spells.
Your spell library was empty.

Dungeon Overview and Level Annotations

Branches:
Dungeon (6/15)             Temple (1/1) D:5

Altars:
Trog
Vehumet
Wu Jian

Annotations:
D:6 Sigmund


Innate Abilities, Weirdness & Mutations

You are resistant to torment.
Your stone body is resilient. (AC +4)
You are immune to poison.
You resist negative energy. (rN+)
You are resistant to electric shocks. (rElec)
You can survive without breathing.
You are immune to petrification.
You are immune to rotting.


Message History

The orc is heavily wounded.
You hit the orc warrior but do no damage.
You slash the orc!
You kill the orc!
Trog accepts your kill.
You hit the orc.
The orc is poisoned.
You feel less confused.
You kill the orc!
Trog accepts your kill.
The orc warrior hits you with a +0 war axe.
The orc barely misses you. Something hits you but does no damage.
You barely miss the troll. You slash the orc!
You kill the orc!
Trog accepts your kill.
You closely miss the orc warrior.
The orc warrior hits you with a +0 war axe!
* * * LOW HITPOINT WARNING * * *
The troll barely misses you. The troll claws you but does no damage.
The troll claws you.
You die...

.....## . .......
#. ## .......
##.###. .......
#...... .......
..(....####.......
........)@......$.
.......ooT<.......
.......)..##.....#
......o†<........#
.........(#......#
..........###.....
.........(. ....
..........## .##
..........# .


You could see a troll, 2 orc warriors and an orc.

Vanquished Creatures
  A sky beast (D:5)
  A centaur (D:5)
  An ogre (D:5)
  2 scorpions (D:4)
  A crimson imp (D:5)
  An iguana (D:5)
  A bullfrog skeleton (D:4)
  3 orc wizards (D:5)
  2 worker ants (D:4)
  6 adders
  An ooze (D:4)
  6 worms
  2 dart slugs (D:3)
  6 leopard geckos
  21 orcs
  10 bats
  2 giant cockroaches
  10 goblins
  6 hobgoblins
  3 jackals (D:4)
  6 quokkas
  9 frilled lizards
  6 kobolds
  A quokka skeleton (D:5)
  5 rats
113 creatures vanquished.

Notes
Turn   | Place    | Note
-------+----------+-------------------------------------------
     0 | D:1      | Fang the Gargoyle Berserker began the quest for the Orb.
     0 | D:1      | Reached XP level 1. HP: 14/14 MP: 1/1
   216 | D:1      | Reached XP level 2. HP: 13/19 MP: 2/2
   803 | D:2      | Reached XP level 3. HP: 15/23 MP: 3/3
   848 | D:2      | Found a bloodstained altar of Trog.
   873 | D:2      | Reached ** piety under Trog
  1372 | D:2      | Reached XP level 4. HP: 24/29 MP: 4/4
  1848 | D:3      | Reached XP level 5. HP: 24/33 MP: 5/5
  2147 | D:4      | Reached *** piety under Trog
  2579 | D:4      | Found an ornate altar of the Wu Jian Council.
  2579 | D:4      | Found a radiant altar of Vehumet.
  2594 | D:4      | Reached XP level 6. HP: 39/39 MP: 6/6
  2903 | D:5      | Entered Level 5 of the Dungeon
  2929 | D:5      | Noticed a sky beast
  2948 | D:5      | Killed a sky beast
  2975 | D:5      | Reached skill level 5 in Fighting
  3035 | D:5      | Reached XP level 7. HP: 35/44 MP: 7/7
  3102 | D:5      | Found a staircase to the Ecumenical Temple.
  3130 | Temple   | Entered the Ecumenical Temple
  3326 | D:5      | Reached skill level 5 in Armour
  3634 | D:6      | Noticed Sigmund
  3644 | D:6      | Noticed a troll
  3653 | D:6      | HP: 2/44 [orc warrior/+0 war axe (15)]
  3653 | D:6      | Slain by a troll

Skill      XL: |  1  2  3  4  5  6  7 |
---------------+----------------------+-----
Axes           | 3 4 |  4.6
Dodging        | 2 3 |  3.7
Armour         | 3 4 5 |  5.0
Fighting       | 4 5 |  5.6

Action                   |  1- 3 |  4- 6 |  7- 9 || total
-------------------------+-------+-------+-------++-------
Melee: Hand axe          |   120 |   267 |    42 ||   429
       War axe           |       |       |    44 ||    44
Invok: Berserk           |       |       |     1 ||     1
 Stab: Sleeping          |     1 |       |       ||     1
  Eat: Chunk             |     1 |     6 |     3 ||    10
Armor: Animal skin       |    17 |       |       ||    17
       Chain mail        |    46 |   138 |    67 ||   251
Dodge: Dodged            |    73 |   147 |    58 ||   278
